 Dungeon Crawl Stone Soup version 0.29-a0-338-g1ff7896281 (webtiles) character file.

Game seed: 3365636370784470206

204 spaghetti the Covert (level 5, -7/36 HPs)
             Began as an Octopode Delver on Apr 19, 2022.
             Mangled by a gnoll
             ... wielding a +0 flail
              (8 damage)
             ... on level 4 of the Dungeon.
             The game lasted 00:01:48 (612 turns).

spaghetti the Covert (Octopode Delver)               Turns: 612, Time: 00:01:49

Health: -7/36      AC:  1    Str: 11    XL:     5   Next: 82%
Magic:  5/5        EV: 13    Int: 15    God:
Gold:   46         SH:  0    Dex: 13    Spells: 4/4 levels left

rFire   . . .      SeeInvis .   a - +0 short sword {short}
rCold   . . .      Faith    .   (no shield)
rNeg    . . .      Spirit   .   (helmet restricted)
rPois   .          Reflect  .   (no amulet)
rElec   .          Harm     .   (no ring)
rCorr   .          Rampage  .   (no ring)
Will    .....                   (no ring)
Stlth   +++++.....              (no ring)
HPRegen 0.12/turn               (no ring)
MPRegen 0.09/turn               (no ring)
                                (no ring)
                                (no ring)

@: no status effects
A: almost no armour, amphibious, 8 rings, camouflage 1, gelatinous body 1,
(nimble swimmer 1), tentacles
a: no special abilities


You were on level 4 of the Dungeon.
You visited 1 branch of the dungeon, and saw 2 of its levels.

You collected 46 gold pieces.


Innate Abilities, Weirdness & Mutations

You cannot wear most types of armour.
You are amphibious.
You can wear up to eight rings at the same time.
Your skin changes colour to match your surroundings (Stealth+).
Your rubbery body absorbs attacks. (AC +1, EV +1)
((You are camouflaged when in or above water. (Stealth+)))
You have tentacles for arms and can constrict up to eight enemies at once.


   Skills:
 - Level 3.0 Fighting
 - Level 2.0 Short Blades
 - Level 2.0 Dodging
 + Level 10.3 Stealth


You had 4 spell levels left.
You didn't know any spells.
Your spell library contained the following spells:

 Spells                   Type           Power      Damage    Failure   Level
 Foxfire                  Conj/Fire      0%         2x1d4     26%         1
 Sandblast                Erth           0%         2d4       26%         1
 Gell's Gravitas          Tloc           0%         N/A       63%         3
 Teleport Other           Tloc           0%         N/A       63%         3
 Borgnjor's Vile Clutch   Necr/Erth      0%         N/A       100%        5
 Fireball                 Conj/Fire      0%         3d3       100%        5
 Lightning Bolt           Conj/Air       0%         1d11      100%        5
 Dispersal                Tloc           0%         N/A       100%        6

Inventory:

Hand Weapons
 a - a +0 short sword (weapon) {short}
 e - a +0 dagger of freezing {short}
   (You found it on level 5 of the Dungeon)
Missiles
 j - 2 throwing nets (quivered) {=f!fthrowing}
Wands
 f - a wand of digging (3)
 k - a wand of iceblast (12)
   (You found it on level 4 of the Dungeon)
Scrolls
 b - a scroll of fog
 c - a scroll of magic mapping {!r}
 d - a scroll of fear
 g - a scroll of teleportation {unknown}
 h - a scroll of noise {unknown}
 i - a scroll of identify {unknown}

Dungeon Overview and Level Annotations

Branches:
Dungeon (5/15)
 Temple: D:4-7

Altars:

Annotations:
D:4 2 exclusions
D:5 Grinder

###### #....# #.##.#
###### ####.##.# #....
#.......# #).#
##.#.#######).#
#.#..@g.g....####.#.
#.##########>.......
#.#)...#......###.##
#.#.##'#.###......#
#.#.#.....#........ #
#)#.#.....#......###.#
#.#.#...[.#.####....<
#.#.#.........##..##
#.#.##.####.#.....#


You could see 2 gnolls.


Message History

You now have 31 gold pieces (gained 13).
You now have 46 gold pieces (gained 15).
You open the door.
An adder comes into view.
There is an open door here.
The helpless adder fails to defend itself.
You impale the adder!!
You kill the adder!
There is an open door here.
You open the door.
There is an open door here.
Key pressed, stopping explore.
There is an open door here.
Key pressed, stopping explore.
A gnoll comes into view. It is wielding a +0 club.
A gnoll is nearby!
A gnoll comes into view. It is wielding a +0 whip.
A gnoll comes into view. It is wielding a +0 flail.
The gnoll shouts!
The gnoll hits you with a +0 club. 😕 HP[-5]
You take 5 damage, and now have 31/36 hp.
You barely miss the gnoll. You grab the gnoll. You constrict the gnoll.
The gnoll hits you with a +0 club. 😮 HP[-6]
You take 6 damage, and now have 25/36 hp.
You hit the gnoll but do no damage. You squeeze the gnoll.
You constrict the gnoll.
The gnoll hits you with a +0 club! 😮 HP[-6]
You take 6 damage, and now have 19/36 hp.
You hit the gnoll.
You kill the gnoll!
Your Stealth skill increases to level 10!
You hit the gnoll. You grab the gnoll. You squeeze the gnoll.
You constrict the gnoll. The gnoll closely misses you.
You hit the gnoll. You constrict the gnoll. The gnoll misses you.
You hit the gnoll.
You squeeze the gnoll, but do no damage.
You constrict the gnoll.
You kill the gnoll!
You hit the gnoll. You grab the gnoll. You constrict the gnoll.
The gnoll barely misses you.
You hit the gnoll.
You squeeze the gnoll, but do no damage.
You constrict the gnoll. The gnoll barely misses you.
You hit the gnoll but do no damage. You constrict the gnoll.
The gnoll hits you with a +0 flail.
* * * LOW HITPOINT WARNING * * *
😨 HP[-2]
You take 2 damage, and now have 17/36 hp.
You hit the gnoll.
You kill the gnoll! 😨 HP[+1]
You start resting. 😎 HP[+18]
Your hp is fully restored (36).
j - 2 throwing nets {=f!fthrowing}
Items here: ))) †.
k - a wand of iceblast (12)
A gnoll is nearby!
A gnoll is nearby!
A gnoll comes into view. It is wielding a +0 halberd.
The helpless gnoll fails to defend itself.
You impale the gnoll!!
You kill the gnoll!
The gnoll shouts! x2
The gnoll barely misses you.
Things that are here:
a +0 spear {polearm}; a gnoll corpse You hit the gnoll but do no damage.
You grab the gnoll. You squeeze the gnoll. You constrict the gnoll.
The gnoll completely misses you. The gnoll closely misses you.
You hit the gnoll but do no damage. You constrict the gnoll.
The gnoll closely misses you. The gnoll hits you with a +0 flail!
The gnoll closely misses you. 😕 HP[-7]
You take 7 damage, and now have 29/36 hp.
Unknown command.
You hit the gnoll.
You kill the gnoll!
The gnoll hits you from afar with a +0 halberd.
The gnoll completely misses you. 😮 HP[-4]
You take 4 damage, and now have 25/36 hp.
You hit the gnoll. Your grab misses the gnoll.
The gnoll hits you from afar with a +0 halberd!
* * * LOW HITPOINT WARNING * * *
The gnoll hits you with a +0 flail!
* * * LOW HITPOINT WARNING * * *
😱 HP[-18]
You take 18 damage, and now have 7/36 hp.
MASSIVE DAMAGE!! (PAUSE)
The gnoll attacks as you move away! The gnoll barely misses you. 😱 HP[+1]
The gnoll attacks as you move away! The gnoll hits you with a +0 flail!
* * * LOW HITPOINT WARNING * * *
😱 HP[-7]
You take 7 damage, and now have 1/36 hp.
The gnoll attacks as you move away! The gnoll hits you with a +0 flail!
You die...

Skill      XL: |  1  2  3  4  5 |
---------------+----------------+-----
Stealth        | 7 9 10 | 10.3
Fighting       | |  3.0
Short Blades   | |  2.0
Dodging        | |  2.0

Action                   |  1- 3 |  4- 6 || total
-------------------------+-------+-------++-------
Melee: Short sword       |    12 |    20 ||    32
       Tentacles         |     2 |     5 ||     7
       Constrict         |     2 |     4 ||     6
  Use: Potion            |     1 |       ||     1
 Stab: Sleeping          |     4 |     2 ||     6
Armor: Skin              |       |     2 ||     2
Dodge: Dodged            |     7 |    25 ||    32

Levels and vault maps discovered:
D:4:      layout_basic, grunt_temple_overflow_magic_moments, uniq_duvessa,
          uniq_menkaure, uniq_ijyb
D:5:      layout_loops_ring, uniq_grinder, uniq_sigmund, uniq_crazy_yiuf_cottage

Notes
Turn   | Place    | Note
-------+----------+-------------------------------------------
     0 | D:5      | spaghetti the Octopode Delver began the quest for the Orb.
     0 | D:5      | Reached XP level 1. HP: 16/16 MP: 1/1
     0 | D:5      | magus.rc [v1.9.6]
     1 | D:5      | You add the spells Gell's Gravitas, Teleport Other and
                  | Dispersal to your library.
    22 | D:5      | Reached skill level 7 in Stealth
    22 | D:5      | Reached XP level 2. HP: 21/21 MP: 2/2
    43 | D:5      | Noticed a phantom
    74 | D:5      | Noticed Grinder
   185 | D:4      | Noticed Menkaure
   191 | D:4      | Killed Menkaure
   192 | D:4      | Reached skill level 9 in Stealth
   192 | D:4      | Reached XP level 3. HP: 26/26 MP: 3/3
   192 | D:4      | Reached XP level 4. HP: 31/31 MP: 4/4
   192 | D:4      | Reached XP level 5. HP: 36/36 MP: 5/5
   197 | D:4      | You add the spells Foxfire, Sandblast, Fireball, Lightning
                  | Bolt and Borgnjor's Vile Clutch to your library.
   197 | D:4      | Got the Volume of Dusty Attacks
   418 | D:4      | Reached skill level 10 in Stealth
   607 | D:4      | HP: 7/36 [gnoll/+0 flail (7)]
   610 | D:4      | HP: 1/36 [gnoll/+0 flail (7)]
   612 | D:4      | Mangled by a gnoll

Vanquished Creatures
  Menkaure (D:4)
  3 adders
  5 gnolls (D:4)
  2 goblins (D:4)
  A quokka (D:5)
  A ball python (D:4)
13 creatures vanquished.

Table legend:
 A = Non-vault XP
 B = Vault XP
 C = Vault XP percentage of total XP
 D = Non-vault monster count
 E = Vault monster count
 F = Vault count percentage of total count
                 A         B        C        D         E       F
            +---------+---------+-------+---------+---------+-------
      Total |     117 |     175 |  59.9 |      12 |       1 |   7.7
            +---------+---------+-------+---------+---------+-------
        D:4 |      88 |     175 |  66.5 |       9 |       1 |  10.0
        D:5 |      29 |       0 |   0.0 |       3 |       0 |   0.0
            +---------+---------+-------+---------+---------+-------

Illustrated notes

Table legend:
 A = Kills in this place as a percentage of kills in entire the game.
 B = Kills by you in this place as a percentage of kills by you in the entire game.
 C = Kills by friends in this place as a percentage of kills by friends in the entire game.
 D = Other kills in this place as a percentage of other kills in the entire game.
 E = Experience gained in this place as a percentage of experience gained in the entire game.
 F = Experience gained in this place divided by the number of levels of this place that you have seen.
                   A       B       C       D       E      F
               +-------+-------+-------+-------+-------+----------------------
         Total | 100.0 | 100.0 |   N/A |   N/A | 100.0 | 146.0
       Dungeon | 100.0 | 100.0 |   N/A |   N/A | 100.0 | 146.0
               +-------+-------+-------+-------+-------+----------------------

Table legend: (Time is in decaauts)
 A = Elapsed time spent in this place.
 B = Non-inter-level travel time spent in this place.
 C = Inter-level travel time spent in this place.
 D = Time resting spent in this place.
 E = Time spent auto-exploring this place.
 F = Levels seen in this place.
 G = Mean time per level.
                   A        B        C        D        E       F      G
               +--------+--------+--------+--------+--------+-----+--------+
         Total |    595 |    595 |      0 |    250 |    149 |   2 |  297.5 |
       Dungeon |    595 |    595 |      0 |    250 |    149 |   2 |  297.5 |
               +--------+--------+--------+--------+--------+-----+--------+

Top non-repeatable levels by time:
     D:4: 461 daAuts
     D:5: 133 daAuts
